Map: Simulacrum LE

Players

Furis - Winner!

  • Race: Zerg Zerg
  • League: Gold
  • Spawn Location: 5:00

LiNuxZerO

  • Race: Terran Terran
  • Spawn Location: 11:00

VOD

Have the link to the VOD?

Description

Time

  • Played on: March 19, 2020, 11:17 p.m.
  • Length: 16:35
Show
View Real Time Build Order
Export as new Build Order

Furis Zerg - Winner!

Build Orders: Hatch First, Muta Ling Bane 

Get SALT Encoding   

  12  0:01  Drone  
  13  0:13  Overlord  
  13  0:17  Drone  
  14  0:31  Drone x2  
  14  0:35  Drone  
  17  0:46  Drone  
  18  0:56  Hatchery  
  17  0:58  Drone  
  18  1:04  Extractor  
  17  1:14  Spawning Pool  
  17  1:17  Drone  
  17  1:20  Drone  
  18  1:29  Drone  
  19  1:39  Overlord  
  19  1:50  Drone  
  20  2:02  Queen  
  20  2:03  Zergling x2  
  20  2:08  Queen  
  23  2:09  Zergling x2  
  23  2:14  Zergling x2  
  27  2:18  Spine Crawler  
  27  2:20  Zergling x2  
  27  2:28  Zergling x2  
  28  2:34  Zergling x2  
  28  2:35  Zergling x2  
  30  2:41  Metabolic Boost  
  30  2:51  Drone x2  
  32  2:53  Drone  
  32  2:55  Drone  
  34  3:05  Drone  
  35  3:16  Drone  
  35  3:17  Overlord x2  
  36  3:25  Lair  
  36  3:28  Overlord  
  36  3:35  Drone x5  
  36  3:41  Drone  
  42  3:48  Drone x4  
  46  4:02  Hatchery  
  45  4:19  Drone x2  
  45  4:20  Drone x4  
  48  4:39  Drone x5  
  49  4:48  Spire  
  49  4:51  Extractor x2  
  49  4:52  Drone x3  
  49  4:53  Extractor  
  49  4:55  Overseer  
  48  5:00  Spore Crawler  
  48  5:03  Spore Crawler  
  46  5:08  Queen x2  
  46  5:09  Drone  
  46  5:10  Drone x2  
  53  5:20  Drone  
  53  5:21  Drone x7  
  61  5:26  Baneling Nest  
  60  5:44  Drone  
  60  5:45  Drone x2, Queen  
  65  5:56  Zergling x2  
  66  5:57  Overlord x2  
  66  5:58  Overlord x2  
  66  6:01  Zerg Flyer Weapons Level 1  
  66  6:03  Overlord x2  
  66  6:09  Evolution Chamber x2  
  61  6:14  Zergling x2  
  61  6:15  Zergling x12  
  61  6:18  Zergling x6  
  68  6:28  Zergling x2  
  67  6:38  Zergling x4  
  67  6:39  Zergling x4  
  71  6:51  Centrifical Hooks  
  71  6:52  Zerg Ground Armor Level 1, Zerg Melee Weapons Level 1  
  71  6:54  Mutalisk x4  
  71  6:55  Mutalisk  
  81  7:03  Drone x7  
  81  7:05  Baneling  
  81  7:06  Baneling x6  
  81  7:08  Drone  
  89  7:26  Drone  
  89  7:27  Drone x5  
  95  7:39  Drone  
  95  7:40  Drone  
  95  7:41  Extractor  
  95  7:43  Extractor  
  95  7:55  Mutalisk  
  95  7:56  Mutalisk  
  95  7:57  Zergling x2  
  95  7:58  Zergling x20  
  110  8:27  Hatchery  
  109  8:36  Zergling x2  
  109  8:37  Baneling, Zergling x12  
  109  8:38  Baneling x8  
  109  8:39  Overlord x6  
  114  8:48  Zerg Melee Weapons Level 2, Zerg Ground Armor Level 2  
  114  8:54  Hatchery  
  113  8:57  Hatchery  
  112  9:18  Zergling x6  
  112  9:19  Zergling x12  
  112  9:20  Zergling x12  
  127  9:26  Drone  
  127  9:28  Drone x2, Infestation Pit  
  129  9:38  Spore Crawler  
  129  9:39  Spore Crawler  
  129  9:43  Baneling  
  129  9:44  Baneling x19  
  125  9:46  Overlord x2  
  125  9:47  Zergling x6  
  125  9:48  Zergling x14  
  136  9:56  Infestation Pit  
  135  10:03  Zergling x8  
  135  10:04  Zergling x4  
  135  10:05  Baneling  
  135  10:06  Baneling x18  
  135  10:07  Baneling  
  141  10:10  Drone x5  
  141  10:12  Drone  
  147  10:18  Pneumatized Carapace  
  147  10:21  Mutalisk x2  
  147  10:24  Overlord  
  147  10:26  Zergling x6  
  142  10:51  Zergling x4, Mutalisk x4  
  142  10:52  Mutalisk  
  150  11:06  Overseer  
  150  11:07  Overseer x4  
  150  11:15  Mutalisk x2  
  150  11:16  Overlord  
  150  11:17  Zergling x2  
  150  11:18  Zergling x22  
  166  11:21  Queen x2  
  170  11:41  Zergling x2  
  170  11:42  Zergling x14  
  170  11:45  Hive  
  110  12:20  Zergling x2  
  110  12:21  Zergling x42  
  110  12:22  Zergling x14  
  120  12:47  Baneling  
  120  12:48  Baneling x19  
  120  12:49  Zergling x4  
  120  12:50  Zergling x2  
  121  12:56  Adrenal Glands  
  121  12:58  Ultralisk Cavern  
  120  12:59  Zerg Melee Weapons Level 3, Zerg Ground Armor Level 3  
  120  13:01  Drone x3  
  120  13:02  Drone x6  
  120  13:04  Extractor  
  120  13:05  Extractor  
  123  13:16  Zergling x2  
  123  13:17  Zergling x26  
  123  13:19  Baneling x3  
  135  13:20  Baneling x2  
  134  13:52  Zergling x2  
  134  13:53  Zergling x4, Ultralisk  
  134  13:54  Ultralisk x3  
  161  13:55  Zergling x2  
  161  13:56  Zergling x4  
  160  14:09  Ultralisk  
  170  14:10  Ultralisk  
  170  14:16  Drone x3  
  173  14:43  Ultralisk x3  
  188  14:59  Ultralisk  
  192  15:00  Overlord x2  
  192  15:02  Drone  
  174  15:15  Hatchery  
  166  15:29  Mutalisk  
  166  15:30  Mutalisk x6, Hatchery  
  166  15:32  Mutalisk x2  
  183  15:46  Mutalisk  
  183  15:47  Mutalisk x2  
  189  16:02  Hatchery  
Show
View Real Time Build Order
Export as new Build Order

LiNuxZerO Terran 

Build Orders: Gas First Reaper Expand 

Get SALT Encoding   

  12  0:09  SCV  
  13  0:21  SCV  
  14  0:30  Supply Depot  
  14  0:34  SCV, Refinery  
  15  0:52  SCV  
  15  0:53  Barracks  
  16  1:04  SCV  
  17  1:16  SCV  
  18  1:37  SCV  
  19  1:40  Reaper  
  19  1:46  Command Center  
  20  2:00  Orbital Command  
  20  2:01  Bunker  
  20  2:12  Marine  
  21  2:34  Marine  
  21  2:35  SCV  
  23  2:53  Refinery  
  23  2:54  Supply Depot  
  23  2:55  Barracks Reactor  
  23  2:57  SCV, Factory  
  24  3:02  SCV  
  24  3:05  Supply Depot  
  25  3:19  SCV x2  
  27  3:29  Engineering Bay  
  27  3:31  Marine, Barracks  
  27  3:33  Marine  
  29  3:38  SCV  
  30  3:48  Factory Tech Lab  
  30  3:49  Starport, SCV  
  30  3:52  SCV  
  32  3:56  Marine x2  
  34  4:05  SCV x2  
  36  4:16  Marine x2  
  38  4:19  Siege Tank  
  41  4:29  Marine  
  36  4:34  Marine x2  
  29  4:57  Marine x2  
  29  4:58  SCV x2  
  33  5:00  Medivac  
  35  5:08  Siege Tank  
  35  5:10  Barracks Tech Lab  
  35  5:11  Terran Infantry Weapons Level 1  
  38  5:18  SCV x2  
  38  5:21  Marine x2  
  42  5:33  SCV x2  
  42  5:34  Stimpack  
  42  5:35  Marine  
  45  5:37  Supply Depot  
  45  5:45  Marine, Medivac  
  45  5:47  SCV  
  49  5:52  SCV  
  49  5:56  Widow Mine  
  52  5:57  Marine  
  52  6:00  Supply Depot, SCV  
  54  6:18  Marine x3  
  57  6:22  SCV x2  
  59  6:32  Siege Tank  
  62  6:33  Medivac  
  62  6:39  Supply Depot  
  64  6:40  SCV x2  
  64  6:52  Command Center  
  64  6:55  Refinery  
  64  6:57  Refinery  
  64  7:03  Supply Depot  
  64  7:05  SCV x2  
  64  7:06  Terran Infantry Armor Level 1, Barracks  
  66  7:10  Marine x2  
  68  7:15  Marine  
  68  7:19  Combat Shield  
  69  7:40  Supply Depot, Orbital Command  
  69  7:43  Siege Tank  
  72  7:44  Starport Reactor  
  72  7:50  Factory  
  65  7:55  Missile Turret x2  
  65  7:57  Missile Turret, Barracks  
  65  8:00  Missile Turret  
  65  8:05  Barracks Reactor  
  65  8:18  Missile Turret  
  65  8:21  Missile Turret  
  63  8:30  Marine x3  
  63  8:41  Missile Turret  
  63  8:47  SCV x2, Marine x2  
  63  8:48  Marine  
  68  8:53  Factory Tech Lab  
  68  8:56  Armory  
  68  8:59  SCV  
  69  9:12  Marauder, Marine x4  
  75  9:20  Barracks Tech Lab  
  75  9:29  Sensor Tower  
  75  9:31  Missile Turret, SCV x2  
  77  9:33  Marauder  
  78  9:43  SCV, Planetary Fortress  
  78  9:46  Thor  
  78  9:51  Cyclone  
  87  9:58  SCV x2  
  89  10:06  Terran Vehicle And Ship Armor Level 1  
  89  10:10  SCV  
  90  10:15  SCV  
  91  10:21  Terran Infantry Weapons Level 2  
  91  10:22  SCV  
  91  10:23  Widow Mine  
  91  10:24  Drilling Claws  
  91  10:26  Marauder x2, Marine  
  91  10:27  SCV  
  91  10:28  Concussive Shells  
  100  10:30  Widow Mine  
  100  10:34  Marine x3  
  86  10:57  Marine x2  
  86  10:58  Marauder x2, Marine x2  
  94  11:04  Medivac  
  94  11:07  SCV x2  
  98  11:11  SCV  
  99  11:19  Marauder x2, SCV  
  99  11:20  Supply Depot  
  99  11:22  Marine x3  
  99  11:23  Marine  
  108  11:37  SCV  
  108  11:38  Missile Turret  
  109  11:42  SCV x2, Marine  
  109  11:44  Supply Depot  
  112  11:49  SCV  
  112  11:53  Marine x4  
  114  12:02  Thor  
  92  12:11  Marauder, Marine x4  
  92  12:12  Marauder  
  76  12:23  Medivac x2  
  76  12:28  Marine  
  79  12:33  Marauder x2  
  83  12:48  Widow Mine x2, Marine x3  
  90  12:54  Marauder x2  
  93  13:14  Orbital Command  
  93  13:16  Marauder x2  
  93  13:17  Marine x2  
  93  13:18  Marine x2  
  93  13:19  Orbital Command  
  101  13:24  Supply Depot  
  101  13:35  Marine  
  102  13:45  Marine x3  
  102  13:46  Marauder x2  
  109  13:53  Marine  
  110  14:45  Supply Depot, Marauder x2, SCV x2, Marine x2  
  118  14:47  Widow Mine x2  
  118  14:53  Marine x2  
  106  15:03  Marine  
  111  15:07  Marauder x2  
  111  15:08  Widow Mine  
  111  15:12  Marine x3  
  107  15:20  Marine  
  108  15:28  Marauder x2  
  102  15:30  Marine x3  
  102  15:33  Widow Mine x2  
  109  15:38  Marine  
  108  15:47  Marine  
  108  15:48  Marine x2  
  108  15:49  Marauder x2  
  115  15:55  Widow Mine  
  115  15:56  Marine  
  118  16:05  Marine  
  118  16:11  Marauder x2  
Tags
 
Add a new tag
Caveats
  • Supply blocks, unpowered buildings, or Contaminate may cause inaccurate times.
  • Supply counts are checked every 10 seconds.